 Dungeon Crawl Stone Soup version 0.28.0-45-g0d030f2227 (webtiles) character file.

Game seed: 4423295103947723644

1457 Descartes the Ruffian (level 8, -1/72 HPs)
             Began as a Troll Warper on Apr 5, 2022.
             Was an Initiate of Jiyva.
             Slain by a two-headed ogre
             ... wielding a +0 giant club
              (17 damage)
             ... on level 6 of the Dungeon.
             The game lasted 00:10:49 (5066 turns).

Descartes the Ruffian (Troll Warper)                Turns: 5066, Time: 00:10:50

Health: -1/72      AC:  4    Str: 20    XL:     8   Next: 47%
Magic:  10/10      EV:  9    Int: 11    God:    Jiyva [......]
Gold:   285        SH:  0    Dex:  9    Spells: 11/11 levels left

rFire   . . .      SeeInvis .     - Unarmed
rCold   . . .      Faith    .   (no shield)
rNeg    . . .      Spirit   .   a - +0 robe
rPois   .          Reflect  .   (helmet restricted)
rElec   .          Harm     .   (no cloak)
rCorr   .          Rampage  .   (gloves unavailable)
Will    .....                   (boots unavailable)
Stlth   +.........              (no amulet)
HPRegen 1.02/turn               (no ring)
MPRegen 0.12/turn               (no ring)

@: no status effects
A: large, unfitting armour, claws 3, regeneration 1, shaggy fur 1, tough skin 1
a: Renounce Religion


You were on level 6 of the Dungeon.
You worshipped Jiyva.
Jiyva was noncommittal.
You visited 2 branches of the dungeon, and saw 7 of its levels.
You also visited: Sewer.

You collected 285 gold pieces.

Inventory:

Hand Weapons
 v - a +1 whip of chaos
Missiles
 c - 5 boomerangs of dispersal (quivered)
 m - 102 stones
 n - 4 boomerangs
 t - 5 curare-tipped darts
 w - 9 poisoned darts
Armour
 a - a +0 robe (worn)
Scrolls
 b - a scroll of blinking
 e - a scroll of magic mapping
 f - a scroll of fog
 i - 5 scrolls of teleportation
 k - a scroll of immolation
 l - a scroll of summoning {unknown}
 p - a scroll of silence {unknown}
 q - a scroll of fear {unknown}
 r - a scroll of vulnerability {unknown}
 s - a scroll of enchant armour {unknown}
 y - a scroll of amnesia {unknown}
Potions
 d - a potion of flight {unknown}
 g - 3 potions of curing {unknown}
 h - 3 potions of invisibility {unknown}
 j - 5 potions of heal wounds {unknown}
 o - a potion of mutation {unknown}
 u - a potion of degeneration {unknown}
 x - 2 potions of cancellation {unknown}
 z - 2 potions of magic {unknown}
 A - a potion of resistance {unknown}
 B - a potion of berserk rage {unknown}


   Skills:
 - Level 2.0(1.0) Fighting
 - Level 2.0(1.0) Throwing
 - Level 2.5(1.2) Dodging
 - Level 3.0(1.5) Shields
 + Level 5.8(2.9) Unarmed Combat
 - Level 2.0(1.0) Spellcasting
 + Level 4.6(2.3) Translocations
 - Level 3.0(1.5) Evocations


You had 11 spell levels left.
You didn't know any spells.
Your spell library contained the following spells:

 Spells                   Type           Power      Damage    Failure   Level
 Blink                    Tloc           10%        N/A       19%         2
 Gell's Gravitas          Tloc           5%         N/A       36%         3
 Lesser Beckoning         Tloc           5%         N/A       36%         3
 Teleport Other           Tloc           5%         N/A       36%         3
 Manifold Assault         Tloc           5%         N/A       98%         5


Dungeon Overview and Level Annotations

Branches:
Dungeon (6/15)             Temple (1/1) D:5           Sewer (visited)

Altars:
Ashenzari
Cheibriados
Dithmenos
Elyvilon
Fedhas
Gozag
Hepliaklqana
Kikubaaqudgha
Makhleb
Nemelex Xobeh
Okawaru
Qazlal
Ru
Sif Muna
Trog
Uskayaw
Vehumet
Xom
Yredelemnul
Zin
The Shining One


Innate Abilities, Weirdness & Mutations

You are too large for most types of armour.
You have claws for hands.
Your natural rate of healing is unusually fast.
You are covered in fur. (AC +1)
You have tough skin. (AC +1)


Message History

The two-headed ogre is moderately wounded.
The two-headed ogre hits you with a +0 giant club!
The two-headed ogre hits you with a +0 giant spiked club!
You scratch the two-headed ogre but do no damage.
The two-headed ogre is lightly wounded.
The two-headed ogre completely misses you.
The two-headed ogre hits you with a +0 giant spiked club!!
You are too injured to fight recklessly!
You are too injured to fight recklessly!
You are too injured to fight recklessly!
You are too injured to fight recklessly!
You are too injured to fight recklessly!
You are too injured to fight recklessly!
You are too injured to fight recklessly!
You are too injured to fight recklessly!
You are too injured to fight recklessly!
You are too injured to fight recklessly!
You can't go up here!
Okay, then.
A killer bee zombie comes into view.
The killer bee zombie hits you.
You claw the killer bee zombie!
The killer bee zombie is severely damaged.
The killer bee zombie hits you.
The killer bee zombie hits you but does no damage.
You barely miss the killer bee zombie.
The killer bee zombie is severely damaged.
The two-headed ogre barely misses you.
The two-headed ogre hits you with a +0 giant spiked club!
The killer bee zombie hits you but does no damage.
You scratch the killer bee zombie.
The killer bee zombie is almost destroyed.
The killer bee zombie hits you. x2
The two-headed ogre hits you with a +0 giant club!
* * * LOW HITPOINT WARNING * * *
The two-headed ogre closely misses you.
You claw the killer bee zombie!
You destroy the killer bee zombie!
The two-headed ogre hits you with a +0 giant club!
You die...

# #. #<#.# ####
#.#########.# ... #
..........#.# ..
#.####.#######.#.# .
#......#.........# #
.J#..#...#.###...###
#######
.#......#.#.....#
.......
...#.##....#.#.#.#
#######
.......@O..#.#.#.#
.......
.#.#.#####.#.#.#.#
####### #.#.#
#.#.#.#.# .....#
#.#.# #.#.#.#.#
####.######.#.#
#.#.#.#
............#.#
#.#.#.#
#..#....###.#.#####.#
#..####.# #.........#
#..# #.######..#####


You could see a two-headed ogre.

Vanquished Creatures
  The ghost of Ablot the Grasshopper, an amateur GnWr (D:4)
  2 water moccasins (D:5)
  An ice beast (D:4)
  A phantom (D:6)
  A kobold brigand (D:5)
  A bullfrog (D:4)
  A wyvern zombie (D:6)
  2 hounds
  3 jellies (Sewer)
  2 orc priests (D:5)
  An iguana (D:6)
  Natasha (thrice) (D:3)
  3 orc wizards
  A killer bee zombie (D:6)
  3 hound zombies (D:5)
  A howler monkey zombie (D:6)
  3 gnolls (D:3)
  3 adders
  5 river rats
  A shadow imp (D:5)
  A white imp (D:5)
  An ufetubus (D:4)
  An adder skeleton (D:4)
  6 worms
  3 dart slugs
  9 orcs
  9 endoplasms
  8 giant cockroaches
  4 goblins
  6 hobgoblins
  5 jackals
  5 kobolds
  A quokka (D:2)
  11 ball pythons
  4 bats
  7 frilled lizards
  6 rats
126 creatures vanquished.

Vanquished Creatures (others)
  2 jellies (D:6)
  4 toadstools (D:1)
6 creatures vanquished.

Grand Total: 132 creatures vanquished

Notes
Turn   | Place    | Note
-------+----------+-------------------------------------------
     0 | D:1      | Descartes the Troll Warper began the quest for the Orb.
     0 | D:1      | Reached XP level 1. HP: 19/19 MP: 1/1
    57 | D:1      | Reached skill level 1 in Throwing
    67 | D:1      | Reached XP level 2. HP: 28/28 MP: 2/2
   117 | D:1      | Found a faded altar of an unknown god.
   125 | D:1      | Prayed at the altar of an unknown god.
   125 | D:1      | Became a worshipper of Ashenzari the Shackled
   608 | D:2      | Reached XP level 3. HP: 35/35 MP: 4/4
   638 | D:2      | You fall into a shaft and drop 2 floors!
   773 | D:4      | Found a runed translucent gate.
   774 | D:4      | Found a runed translucent gate.
   774 | D:4      | Found an opulent altar of Gozag.
   775 | D:4      | Found a runed translucent gate.
   776 | D:4      | Noticed Ablot's ghost (amateur GnWr)
   777 | D:4      | Noticed a bullfrog
   777 | D:4      | Noticed an ice beast
   862 | D:4      | Reached XP level 4. HP: 36/42 MP: 5/5
  1330 | D:3      | Reached skill level 1 in Evocations
  1378 | D:3      | Reached skill level 1 in Shields
  1424 | D:3      | Noticed Natasha
  1435 | D:3      | Killed Natasha
  1436 | D:3      | Reached XP level 5. HP: 45/49 MP: 6/6
  1507 | D:3      | Found an ancient bone altar of Kikubaaqudgha.
  1663 | D:3      | Noticed Natasha
  1673 | D:3      | Killed Natasha
  2902 | D:3      | Noticed Natasha
  2908 | D:3      | Killed Natasha
  2909 | D:3      | Reached XP level 6. HP: 57/57 MP: 7/7
  3011 | D:4      | Reached skill level 3 in Unarmed Combat
  3031 | D:4      | Killed an ice beast
  3101 | D:4      | Killed Ablot's ghost
  3102 | D:4      | Reached XP level 7. HP: 65/65 MP: 9/9
  3125 | D:5      | Entered Level 5 of the Dungeon
  3271 | D:5      | Found a staircase to the Ecumenical Temple.
  3286 | Temple   | Entered the Ecumenical Temple
  3551 | D:5      | Reached skill level 4 in Unarmed Combat
  3842 | D:5      | Found a large runed translucent door.
  3842 | D:5      | Found a large runed translucent door.
  3842 | D:5      | Found a shimmering altar of Xom.
  3970 | D:5      | Reached XP level 8. HP: 45/72 MP: 10/10
  4432 | D:6      | Reached skill level 5 in Unarmed Combat
  4522 | D:6      | Found a glowing drain.
  4530 | Sewer    | Entered a sewer
  4743 | Sewer    | Found a viscous altar of Jiyva.
  4767 | Sewer    | Fell from the grace of Ashenzari
  4767 | Sewer    | Became a worshipper of Jiyva Jyrchais the Shapeless
  4918 | D:6      | Found an opulent altar of Gozag.
  5033 | D:6      | Noticed a two-headed ogre
  5066 | D:6      | Slain by a two-headed ogre

Illustrated notes

Levels and vault maps discovered:
D:1:      ldierk_walled_garden_2, layout_basic,
          nicolae_ecumenical_snake_handling
D:2:      layout_basic
D:3:      layout_basic, nicolae_kikubaaqudgha_miasma_corner, uniq_natasha
D:4:      layout_basic, ebering_ghost_gozag
D:5:      due_chaos_kobolds, layout_cave_pools, minmay_temple_entry_junction,
          serial_co_window_serial, co_window_corner_a, co_window_cross_1,
          co_window_paths_b, co_window_paths_b, co_window_paths_b,
          co_window_paths_b, co_window_of_opportunity_a,
          co_window_unsneaky_path_c, co_window_broadway_a, co_window_paths_c,
          co_window_corner_ca, co_window_corner_b, glass_columns_a,
          glass_columns_b
D:6:      layout_basic, nicolae_gozag_cash_rules_everything_around_me,
          nzn_wu_jian_contemplation, lightli_sewer_entry_pipes, serial_shops,
          shop, kennysheep_nondescript
Temple:   mainiacjoe_temple_bowtie_tessellation

Skill      XL: |  1  2  3  4  5  6  7  8 |
---------------+-------------------------+-----
Throwing       | 1 2 |  2.0
Dodging        | 2 |  2.5
Fighting       | 2 |  2.0
Evocations     | 1 2 3 |  3.0
Shields        | 1 2 3 |  3.0
Unarmed Combat | 3 4 5 |  5.8
Spellcasting   | 2 |  2.0
Translocations | 3 4 |  4.6

Action                   |  1- 3 |  4- 6 |  7- 9 || total
-------------------------+-------+-------+-------++-------
Melee: Unarmed           |    81 |   190 |   205 ||   476
       Punch             |       |     3 |     5 ||     8
Invok: Curse Item        |       |     1 |       ||     1
  Use: Scroll            |       |       |     5 ||     5
 Stab: Invisible         |       |       |     1 ||     1
Armor: Robe              |    28 |    47 |    57 ||   132
Dodge: Dodged            |    43 |    84 |    90 ||   217
